 Dungeon Crawl Stone Soup version 0.21.1-1-g345015f (webtiles) character file.

1868 Savaroth the Cleaver (level 8, -1/109 HPs)
             Began as a Minotaur Berserker on Apr 1, 2018.
             Was a Priest of Trog.
             Slain by a hog (10 damage)
             ... on level 7 of the Dungeon.
             The game lasted 00:10:10 (4860 turns).

Savaroth the Cleaver (Minotaur Berserker)           Turns: 4860, Time: 00:10:11

Health: -1/109     AC:  9    Str: 29    XL:     8   Next: 90%
Magic:  7/7        EV: 11    Int:  4    God:    Trog [***...]
Gold:   249        SH:  0    Dex: 10    Spells: 7/7 levels left

rFire    + . .     SeeInvis .   m - +5 war axe
rCold    + . .     Gourm    .   (no shield)
rNeg     . . .     Faith    .   x - +2 ring mail {rF+}
rPois    .         Spirit   .   (helmet restricted)
rElec    .         Reflect  .   (no cloak)
rCorr    .         Harm     .   (no gloves)
MR       .....                  a - +0 pair of boots
Stlth    ..........             (no amulet)
HPRegen  0.28/turn              i - ring of protection from cold
MPRegen  0.10/turn              (no ring)

@: berserking, very quick
A: retaliatory headbutt, horns 2
a: Berserk, Trog's Hand, Burn Spellbooks, Renounce Religion


You were on level 7 of the Dungeon.
You worshipped Trog.
Trog was most pleased with you.
You were near starving.

You visited 1 branch of the dungeon, and saw 7 of its levels.

You collected 249 gold pieces.

Inventory:

Hand Weapons
 m - a +5 war axe (weapon)
Armour
 a - a +0 pair of boots (worn)
 x - a +2 ring mail of fire resistance (worn)
Jewellery
 i - a ring of protection from cold (left hand)
Scrolls
 b - a scroll of magic mapping {unknown}
 d - 4 scrolls of noise {unknown}
 e - a scroll of silence {unknown}
 g - 4 scrolls of enchant armour {unknown}
 h - a scroll of remove curse {unknown}
 j - 2 scrolls of immolation {unknown}
 k - a scroll of fear {unknown}
 l - a scroll of fog {unknown}
 o - 5 scrolls of identify {unknown}
 r - 4 scrolls of teleportation {unknown}
 w - a scroll of enchant weapon {unknown}
Potions
 f - 2 potions of brilliance {unknown}
 n - a potion of lignification {unknown}
 p - 2 potions of mutation {unknown}
 q - a potion of degeneration {unknown}
 s - a potion of heal wounds {unknown}
 t - 2 potions of cancellation {unknown}
 u - a potion of invisibility {unknown}
 v - 2 potions of resistance {unknown}
 z - a potion of ambrosia {unknown}
 A - a potion of curing {unknown}
Comestibles
 c - 17 rations


   Skills:
 + Level 7.5 Fighting
 + Level 10.6 Axes
 + Level 6.5 Armour
 - Level 2.1 Dodging
 + Level 2.0 Stealth


You had 7 spell levels left.
You didn't know any spells.

Dungeon Overview and Level Annotations

Branches:
Dungeon (7/15)             Temple (0/1) D:5

Altars:
Hepliaklqana
Kikubaaqudgha
Nemelex Xobeh
Okawaru
Ru
Trog
Uskayaw
Vehumet
Wu Jian

Shops:
D:5 !


Innate Abilities, Weirdness & Mutations

You reflexively headbutt those who attack you in melee.
You have a pair of horns on your head.


Message History

You kill the human!
Trog accepts your kill.
You slash the hog! The hog bites you. The hog bites you!
You hit the hog.
You kill the hog!
Trog accepts your kill.
Your Stealth skill increases to level 2!
You hit the hog. The hog bites you!
You barely miss the hog. You headbutt the hog.
The hog is lightly wounded.
You barely miss the hog. The hog bites you but does no damage.
The hog bites you!
* * * LOW HITPOINT WARNING * * *
The hog bites you!
* * * LOW HITPOINT WARNING * * *
A red film seems to cover your vision as you go berserk!
You feel yourself moving faster!
You feel mighty!
You are near starving!
The hog bites you!
You die...

.............. #.#
.###.#...).... #.# .#
#.#........ #.# .#
#.#####################.#
.# #.. #.....#..........#
.# #.# #.....##.#########
.# #.# ###'####.# ## ##
#%...h#..# #%%.Yh@..#
#######.## ###


You could see a yak and 2 hogs.

Vanquished Creatures
  The ghost of bmj180 the Cleaver, a novice HOFi of the Shining One (D:6)
  A hog (D:7)
  A human (D:7)
  An ice beast (D:7)
  An ogre (D:5)
  A phantom (D:6)
  Blork the orc (D:5)
  2 water moccasin zombies
  A scorpion (D:6)
  A crimson imp (D:6)
  3 orc priests
  3 hounds
  An orc wizard (D:5)
  3 iguanas
  5 worker ants
  A hound zombie (D:5)
  Robin (D:4)
  7 adders
  A shadow imp (D:6)
  2 oozes
  An adder zombie (D:5)
  2 worms (D:2)
  A leopard gecko (D:2)
  11 orcs
  9 bats
  7 giant cockroaches
  21 hobgoblins
  11 jackals
  4 kobolds
  6 frilled lizards
  13 goblins
  A jackal zombie (D:5)
  4 rats
129 creatures vanquished.

Notes
Turn   | Place    | Note
-------+----------+-------------------------------------------
     0 | D:1      | Savaroth the Minotaur Berserker began the quest for the Orb.
     0 | D:1      | Reached XP level 1. HP: 19/19 MP: 0/0
    16 | D:1      | Reached skill level 4 in Axes
    16 | D:1      | Reached XP level 2. HP: 17/27 MP: 1/1
   328 | D:1      | Reached XP level 3. HP: 23/33 MP: 2/2
   504 | D:1      | You fall through a shaft!
   589 | D:2      | Reached ** piety under Trog
   982 | D:2      | Reached skill level 5 in Axes
  1046 | D:2      | Reached XP level 4. HP: 28/41 MP: 3/3
  1373 | D:2      | Found a radiant altar of Vehumet.
  1373 | D:2      | Found a hazy altar of Hepliaklqana.
  1561 | D:3      | Reached skill level 5 in Fighting
  2137 | D:4      | Noticed Robin
  2141 | D:4      | Reached XP level 5. HP: 48/48 MP: 4/4
  2151 | D:4      | Found an ornate altar of the Wu Jian Council.
  2153 | D:4      | Reached *** piety under Trog
  2157 | D:4      | Killed Robin
  2263 | D:4      | Reached skill level 6 in Axes
  2263 | D:4      | Reached skill level 1 in Stealth
  2404 | D:4      | Reached XP level 6. HP: 39/56 MP: 5/5
  2468 | D:4      | Found an iron altar of Okawaru.
  2673 | D:5      | Entered Level 5 of the Dungeon
  2753 | D:5      | Found Xoniged's Distillery.
  2754 | D:5      | Found a bloodstained altar of Trog.
  2857 | D:5      | Found a staircase to the Ecumenical Temple.
  2877 | D:5      | Noticed Blork the orc
  2885 | D:5      | Killed Blork the orc
  2898 | D:5      | Reached skill level 7 in Axes
  2905 | D:5      | Reached XP level 7. HP: 47/62 MP: 6/6
  3427 | D:5      | Found a bloodstained altar of Trog.
  3629 | D:5      | Found a sparkling altar of Nemelex Xobeh.
  3691 | D:6      | Reached skill level 8 in Axes
  3721 | D:6      | Noticed bmj180's ghost (novice HOFi)
  3817 | D:6      | Killed bmj180's ghost
  3817 | D:6      | Reached skill level 9 in Axes
  3817 | D:6      | Reached skill level 5 in Armour
  3817 | D:6      | Reached XP level 8. HP: 42/73 MP: 7/7
  4026 | D:6      | Found a hide-covered altar of Uskayaw.
  4243 | D:6      | Found an ancient bone altar of Kikubaaqudgha.
  4371 | D:7      | Found a sacrificial altar of Ru.
  4455 | D:7      | Reached skill level 10 in Axes
  4860 | D:7      | Slain by a hog

Skill      XL: |  1  2  3  4  5  6  7  8 |
---------------+-------------------------+-----
Fighting       | 4 5 7 |  7.5
Axes           | 4 5 6 7 9 10 | 10.6
Armour         | 3 4 5 6 |  6.5
Stealth        | 1 2 |  2.0
Dodging        | |  2.1

Action                   |  1- 3 |  4- 6 |  7- 9 || total
-------------------------+-------+-------+-------++-------
Melee: Hand axe          |    85 |    91 |       ||   176
       Headbutt          |    12 |    21 |    14 ||    47
       War axe           |       |    30 |    94 ||   124
Invok: Trog's Hand       |       |     3 |     2 ||     5
       Berserk           |       |       |     3 ||     3
 Stab: Sleeping          |       |     1 |       ||     1
  Eat: Chunk             |       |     7 |     5 ||    12
       Ration            |       |       |     1 ||     1
Armor: Animal skin       |     8 |       |       ||     8
       Leather armour    |    12 |    27 |       ||    39
       Ring mail         |       |       |    23 ||    23
Dodge: Dodged            |    41 |    80 |    50 ||   171
